 Dungeon Crawl Stone Soup version 0.29-a0-392-g297d3b089c (webtiles) character file.

Game seed: 8561655616802825849

1394 spaghetti the Cudgeller (level 8, 0/100 HPs)
             Began as a Gnoll Berserker on May 8, 2022.
             Was a Priest of Trog.
             Slain by a kobold
             ... wielding a +0 short sword
              (4 damage)
             ... on level 6 of the Dungeon.
             The game lasted 00:07:57 (5871 turns).

spaghetti the Cudgeller (Gnoll Berserker)           Turns: 5871, Time: 00:07:58

Health: 0/100      AC: 18    Str: 18    XL:     8   Next: 68%
Magic:  13/13      EV:  5    Int:  6    God:    Trog [***...]
Gold:   302        SH:  8    Dex: 13    Spells: 14/14 levels left

rFire   . . .      SeeInvis .   a - +0 mace {mace}
rCold   . . .      Faith    .   f - +0 kite shield
rNeg    . . .      Spirit   .   t - +10 plate armour {ponderous}
rPois   .          Reflect  .   (no helmet)
rElec   .          Harm     .   (no cloak)
rCorr   .          Rampage  .   (no gloves)
Will    .....                   (no boots)
Stlth   ..........              (no amulet)
HPRegen 0.26/turn               (no ring)
MPRegen 0.13/turn               (no ring)

@: berserking (expiring), corroded, very quick
A: fangs 1, strong nose, distributed training
a: Renounce Religion, Berserk, Trog's Hand


You were on level 6 of the Dungeon.
You worshipped Trog.
Trog was most pleased with you.
You visited 1 branch of the dungeon, and saw 6 of its levels.

You collected 302 gold pieces.


Innate Abilities, Weirdness & Mutations

You have very sharp teeth.
Your uncanny sense of smell can sniff out nearby items.
Your experience applies equally to all skills.


   Skills:
 + Level 7.5 Fighting
 + Level 3.5 Short Blades
 + Level 3.5 Long Blades
 + Level 3.5 Axes
 + Level 7.5 Maces & Flails
 + Level 3.5 Polearms
 + Level 3.5 Staves
 + Level 3.5 Slings
 + Level 3.5 Bows
 + Level 3.5 Crossbows
 + Level 3.5 Throwing
 + Level 5.8 Armour
 + Level 5.8 Dodging
 + Level 3.5 Stealth
 + Level 3.5 Shields
 + Level 3.5 Unarmed Combat
 + Level 3.5 Spellcasting
 + Level 2.8 Conjurations
 + Level 2.8 Hexes
 + Level 2.8 Summonings
 + Level 2.8 Necromancy
 + Level 2.8 Translocations
 + Level 2.8 Transmutations
 + Level 2.8 Fire Magic
 + Level 2.8 Ice Magic
 + Level 2.8 Air Magic
 + Level 2.8 Earth Magic
 + Level 2.8 Poison Magic
 + Level 3.8 Invocations
 + Level 3.5 Evocations


You had 14 spell levels left.
You didn't know any spells.
Your spell library contained the following spells:

 Spells                   Type           Power      Damage    Failure   Level
 Slow                     Hex            16%        N/A       100%        1
 Corpse Rot               Necr/Air       8%         N/A       100%        2
 Confusing Touch          Hex            4%         N/A       100%        3
 Gell's Gravitas          Tloc           4%         N/A       100%        3
 Lesser Beckoning         Tloc           4%         N/A       100%        3
 Teleport Other           Tloc           4%         N/A       100%        3
 Vampiric Draining        Necr           4%         2d6       100%        3
 Dispel Undead            Necr           4%         3d7       100%        4
 Summon Ice Beast         Ice/Summ       4%         N/A       100%        4
 Summon Mana Viper        Hex/Summ       4%         N/A       100%        5
 Death Channel            Necr           2%         N/A       100%        6
 Monstrous Menagerie      Summ           2%         N/A       100%        7

Inventory:

Hand Weapons
 a - a +0 mace (weapon) {mace}
 x - a +3 war axe {axe}
   (You took it off an orc on level 6 of the Dungeon)
Missiles
 h - 5 boomerangs {throwing}
 l - 189 stones (quivered) {throwing}
 z - 7 poisoned darts {throwing}
Armour
 b - a +0 animal skin
 f - a +0 kite shield (worn)
   (You found it on level 1 of the Dungeon)
 t - a +10 plate armour of ponderousness (worn)
   (You found it on level 3 of the Dungeon)
Magical Staves
 g - a staff of poison {forbidden!astaff}
   (You found it on level 1 of the Dungeon)
 y - a staff of conjuration {forbidden!a@e2staff}
   (You found it on level 5 of the Dungeon)
Wands
 m - a wand of acid (4)
   (You found it on level 2 of the Dungeon)
 u - a wand of mindburst (28)
   (You took it off Ijyb on level 4 of the Dungeon)
 v - a wand of digging (5)
   (You found it on level 4 of the Dungeon)
 A - a wand of paralysis (7)
   (You took it off an orc wizard on level 6 of the Dungeon)
Scrolls
 c - 3 scrolls of teleportation {@r4}
 j - a scroll of noise {!r}
 n - 2 scrolls of enchant weapon
 r - a scroll of enchant armour
 s - a scroll of vulnerability {!r!r}
 B - a scroll of fear
Potions
 d - a potion of attraction {!q}
 e - 2 potions of heal wounds {@q2}
 i - 2 potions of berserk rage {!q}
 k - 2 potions of cancellation {unknown}
 o - 2 potions of lignification {unknown}
 p - a potion of mutation {unknown}
 q - 2 potions of flight {unknown}
 w - 2 potions of brilliance {unknown}

Dungeon Overview and Level Annotations

Branches:
Dungeon (6/15)
 Temple: D:4-7

Altars:
Ashenzari

... .# ..... ..# ).....
..####...... ###
#.##........
#.###........... ####
###.....≈≈........
.....##........⌠≈.......
#...........≈≈.......
#..K@................
......KK................
..........#'#...#####...
..........#.....# #...
..........##....#####...
..........##.>..+.......
..........###...#####...
........... ....# #..<.
.....# #....


You could see a kobold brigand and 2 kobolds.


Message History

You take 4 damage, and now have 63/67 hp.
You are too injured to fight recklessly!
You are too injured to fight recklessly!
You are too injured to fight recklessly!
You are too injured to fight recklessly!
You are too injured to fight recklessly!
You are too injured to fight recklessly!
You are too injured to fight recklessly!
You are too injured to fight recklessly!
You are too injured to fight recklessly!
You are too injured to fight recklessly!
You are too injured to fight recklessly!
You are too injured to fight recklessly!
You are too injured to fight recklessly!
A kobold comes into view. It is wielding a +0 short sword.
The kobold shouts!
The kobold brigand closely misses you.
You closely miss the kobold brigand. Your bite misses the kobold brigand.
The kobold zaps a wand.
The puff of flame hits you!
The kobold brigand hits you but does no damage. 😕 HP[-11]
You take 11 damage, and now have 52/67 hp.
Unknown command.
You hit the kobold brigand but do no damage.
You bite the kobold brigand, but do no damage.
The kobold zaps a wand.
The puff of flame hits you.
The kobold brigand hits you but does no damage. 😮 HP[-3]
You take 3 damage, and now have 49/67 hp.
Unknown command.
A red film seems to cover your vision as you go berserk!
You feel yourself moving faster!
You feel mighty!
The kobold brigand completely misses you.
The kobold barely misses you. 😮 HP[+25]
You now have 100 max hp (+33).
You regained 25 hp, and now have 74/100 hp.
You completely miss the kobold brigand.
The kobold brigand hits you but does no damage. 😮 HP[+1]
You closely miss the kobold brigand. Your bite misses the kobold brigand.
The kobold hits you but does no damage.
The kobold brigand zaps a wand.
The bolt of acid hits you!!
* * * LOW HITPOINT WARNING * * *
😨 HP[-32]
You take 32 damage, and now have 43/100 hp.
MASSIVE DAMAGE!! (PAUSE)
You closely miss the kobold brigand. You block the kobold's attack.
The kobold barely misses you.
You completely miss the kobold brigand. The kobold brigand barely misses you.
The kobold hits you but does no damage. You block the kobold's attack.
You closely miss the kobold brigand.
The kobold brigand hits you but does no damage.
The kobold closely misses you.
The kobold zaps a wand.
The puff of flame hits you but does no damage.
Unknown command.
You closely miss the kobold brigand. You bite the kobold brigand.
The kobold brigand hits you but does no damage.
You block the kobold's attack. 😨 HP[+1]
You closely miss the kobold brigand. You block the kobold's attack.
The kobold brigand barely misses you.
You thump the kobold brigand! You block the kobold's attack.
The kobold zaps a wand.
The puff of flame hits you but does no damage.
Unknown command.
You barely miss the kobold brigand.
The kobold brigand zaps a wand.
The bolt of acid hits you!
* * * LOW HITPOINT WARNING * * *
The acid corrodes you!
The kobold hits you with a +0 short sword.
* * * LOW HITPOINT WARNING * * *
The kobold hits you but does no damage.
Unknown command. 😱 HP[-20]
You take 20 damage, and now have 24/100 hp.
You thump the kobold brigand!
The kobold brigand hits you but does no damage.
The kobold completely misses you. You block the kobold's attack.
You closely miss the kobold brigand.
The kobold brigand zaps a wand.
The bolt of acid hits you!!
* * * LOW HITPOINT WARNING * * *
You block the kobold's attack. 😱 HP[-17]
You take 17 damage, and now have 7/100 hp.
Unknown command.
You closely miss the kobold brigand. You block the kobold's attack.
The kobold brigand hits you with a +0 dagger.
* * * LOW HITPOINT WARNING * * *
😱 HP[-3]
You take 3 damage, and now have 4/100 hp.
You hit the kobold brigand. The kobold hits you but does no damage.
The kobold hits you with a +0 short sword.
You die...

Skill      XL: |  1  2  3  4  5  6  7  8 |
---------------+-------------------------+-----
Invocations    | 2 3 |  3.8
Short Blades   | 1 2 3 |  3.5
Long Blades    | 1 2 3 |  3.5
Axes           | 1 2 3 |  3.5
Polearms       | 1 2 3 |  3.5
Staves         | 1 2 3 |  3.5
Slings         | 1 2 3 |  3.5
Bows           | 1 2 3 |  3.5
Crossbows      | 1 2 3 |  3.5
Throwing       | 1 2 3 |  3.5
Stealth        | 1 2 3 |  3.5
Shields        | 1 2 3 |  3.5
Unarmed Combat | 1 2 3 |  3.5
Spellcasting   | 1 2 3 |  3.5
Evocations     | 1 2 3 |  3.5
Conjurations   | 1 2 |  2.8
Hexes          | 1 2 |  2.8
Summonings     | 1 2 |  2.8
Necromancy     | 1 2 |  2.8
Translocations | 1 2 |  2.8
Transmutations | 1 2 |  2.8
Fire Magic     | 1 2 |  2.8
Ice Magic      | 1 2 |  2.8
Air Magic      | 1 2 |  2.8
Earth Magic    | 1 2 |  2.8
Poison Magic   | 1 2 |  2.8
Armour         | 5 |  5.8
Dodging        | 5 |  5.8
Fighting       | 7 |  7.5
Maces & Flails | 7 |  7.5

Action                   |  1- 3 |  4- 6 |  7- 9 || total
-------------------------+-------+-------+-------++-------
Melee: Mace              |   121 |   106 |   252 ||   479
       Bite              |     7 |    10 |    24 ||    41
Throw: Boomerang         |       |    30 |       ||    30
       Stone             |       |    14 |    42 ||    56
Invok: Berserk           |     3 |       |     6 ||     9
       Trog's Hand       |       |       |     2 ||     2
  Use: Scroll            |       |       |    10 ||    10
 Stab: Sleeping          |     1 |       |       ||     1
Armor: Animal skin       |    14 |     3 |       ||    17
       Plate armour      |       |    49 |   239 ||   288
Dodge: Dodged            |    60 |    28 |    73 ||   161
Block: Kite shield       |    39 |    40 |   137 ||   216

Levels and vault maps discovered:
D:1:      dpeg_arrival_stonehenge_8_columns, layout_basic
D:2:      layout_basic, serial_rivers, chequers_serial_rivers_marsh,
          chequers_serial_rivers_small_3, chequers_serial_rivers_large_b,
          chequers_serial_rivers_small_b
D:3:      minmay_octagon_keep, layout_rooms, amethyst_killhole,
          hangedman_decor_growths, guppyfry_early_lair_pool, uniq_grinder
D:4:      layout_gridville, uniq_ijyb
D:5:      layout_basic
D:6:      layout_basic, cheibrodos_ashenzari_chains, serial_shops,
          nicolae_lakefront_shop, nicolae_wand_duel, corexii_leaking_fountain,
          minmay_fountain_box, grunt_ministairs_3, uniq_sigmund

Notes
Turn   | Place    | Note
-------+----------+-------------------------------------------
     0 | D:1      | spaghetti the Gnoll Berserker began the quest for the Orb.
     0 | D:1      | Reached XP level 1. HP: 23/23 MP: 1/1
     0 | D:1      | magus.rc [v1.9.6]
   140 | D:1      | Reached XP level 2. HP: 27/29 MP: 2/2
   545 | D:1      | Reached XP level 3. HP: 32/35 MP: 3/3
  1052 | D:1      | Reached ** piety under Trog
  1579 | D:2      | Reached skill level 1 in Invocations
  1993 | D:3      | Reached skill level 1 in Short Blades
  1993 | D:3      | Reached skill level 1 in Long Blades
  1993 | D:3      | Reached skill level 1 in Axes
  1993 | D:3      | Reached skill level 1 in Polearms
  1993 | D:3      | Reached skill level 1 in Staves
  1993 | D:3      | Reached skill level 1 in Slings
  1993 | D:3      | Reached skill level 1 in Bows
  1993 | D:3      | Reached skill level 1 in Crossbows
  1993 | D:3      | Reached skill level 1 in Throwing
  1993 | D:3      | Reached skill level 1 in Stealth
  1993 | D:3      | Reached skill level 1 in Shields
  1993 | D:3      | Reached skill level 1 in Unarmed Combat
  1993 | D:3      | Reached skill level 1 in Spellcasting
  1993 | D:3      | Reached skill level 1 in Evocations
  2154 | D:3      | Noticed Grinder
  2159 | D:3      | HP: 13/52 [Grinder (4)]
  2166 | D:3      | HP: 6/52 [Grinder (8)]
  2167 | D:3      | Killed Grinder
  2168 | D:3      | Reached skill level 1 in Conjurations
  2168 | D:3      | Reached skill level 1 in Hexes
  2168 | D:3      | Reached skill level 1 in Summonings
  2168 | D:3      | Reached skill level 1 in Necromancy
  2168 | D:3      | Reached skill level 1 in Translocations
  2168 | D:3      | Reached skill level 1 in Transmutations
  2168 | D:3      | Reached skill level 1 in Fire Magic
  2168 | D:3      | Reached skill level 1 in Ice Magic
  2168 | D:3      | Reached skill level 1 in Air Magic
  2168 | D:3      | Reached skill level 1 in Earth Magic
  2168 | D:3      | Reached skill level 1 in Poison Magic
  2168 | D:3      | Reached skill level 2 in Invocations
  2168 | D:3      | Reached XP level 4. HP: 5/41 MP: 4/6
  2168 | D:3      | Reached XP level 5. HP: 6/47 MP: 4/7
  2168 | D:3      | Reached XP level 6. HP: 7/53 MP: 4/8
  2798 | D:3      | You pick up a book of Beasts {forbidden} and begin
                  | reading...
  2798 | D:3      | You add the spells Summon Ice Beast, Summon Mana Viper and
                  | Monstrous Menagerie to your library.
  2981 | D:3      | Reached skill level 5 in Armour
  2981 | D:3      | Reached skill level 5 in Dodging
  3201 | D:4      | Noticed a black bear
  3208 | D:4      | Killed a black bear
  3209 | D:4      | Reached skill level 2 in Short Blades
  3209 | D:4      | Reached skill level 2 in Long Blades
  3209 | D:4      | Reached skill level 2 in Axes
  3209 | D:4      | Reached skill level 2 in Polearms
  3209 | D:4      | Reached skill level 2 in Staves
  3209 | D:4      | Reached skill level 2 in Slings
  3209 | D:4      | Reached skill level 2 in Bows
  3209 | D:4      | Reached skill level 2 in Crossbows
  3209 | D:4      | Reached skill level 2 in Throwing
  3209 | D:4      | Reached skill level 2 in Stealth
  3209 | D:4      | Reached skill level 2 in Shields
  3209 | D:4      | Reached skill level 2 in Unarmed Combat
  3209 | D:4      | Reached skill level 2 in Spellcasting
  3209 | D:4      | Reached skill level 2 in Evocations
  3279 | D:4      | You pick up a book of Debilitation {forbidden} and begin
                  | reading...
  3279 | D:4      | You add the spells Slow, Vampiric Draining and Confusing
                  | Touch to your library.
  3480 | D:4      | Noticed Ijyb
  3502 | D:4      | Killed Ijyb
  3503 | D:4      | Reached XP level 7. HP: 58/59 MP: 10/10
  3952 | D:5      | Entered Level 5 of the Dungeon
  3996 | D:5      | Reached skill level 7 in Fighting
  3996 | D:5      | Reached skill level 7 in Maces & Flails
  4044 | D:5      | Reached skill level 2 in Conjurations
  4044 | D:5      | Reached skill level 2 in Hexes
  4044 | D:5      | Reached skill level 2 in Summonings
  4044 | D:5      | Reached skill level 2 in Necromancy
  4044 | D:5      | Reached skill level 2 in Translocations
  4044 | D:5      | Reached skill level 2 in Transmutations
  4044 | D:5      | Reached skill level 2 in Fire Magic
  4044 | D:5      | Reached skill level 2 in Ice Magic
  4044 | D:5      | Reached skill level 2 in Air Magic
  4044 | D:5      | Reached skill level 2 in Earth Magic
  4044 | D:5      | Reached skill level 2 in Poison Magic
  4706 | D:5      | Reached skill level 3 in Invocations
  4765 | D:5      | Reached XP level 8. HP: 54/67 MP: 12/12
  4872 | D:5      | Reached skill level 3 in Short Blades
  4872 | D:5      | Reached skill level 3 in Long Blades
  4872 | D:5      | Reached skill level 3 in Axes
  4872 | D:5      | Reached skill level 3 in Polearms
  4872 | D:5      | Reached skill level 3 in Staves
  4872 | D:5      | Reached skill level 3 in Slings
  4872 | D:5      | Reached skill level 3 in Bows
  4872 | D:5      | Reached skill level 3 in Crossbows
  4872 | D:5      | Reached skill level 3 in Throwing
  4872 | D:5      | Reached skill level 3 in Stealth
  4872 | D:5      | Reached skill level 3 in Shields
  4872 | D:5      | Reached skill level 3 in Unarmed Combat
  4872 | D:5      | Reached skill level 3 in Spellcasting
  4872 | D:5      | Reached skill level 3 in Evocations
  5238 | D:6      | Reached *** piety under Trog
  5305 | D:6      | You pick up a book of Decay {forbidden} and begin
                  | reading...
  5305 | D:6      | You add the spells Corpse Rot, Dispel Undead and Death
                  | Channel to your library.
  5638 | D:6      | Paralysed by an orc wizard for 2 turns
  5808 | D:6      | Found a broken altar of Ashenzari.
  5843 | D:6      | You pick up a book of Displacement {forbidden} and begin
                  | reading...
  5843 | D:6      | You add the spells Lesser Beckoning, Gell's Gravitas and
                  | Teleport Other to your library.
  5867 | D:6      | HP: 24/100 [kobold/+0 short sword (4)]
  5869 | D:6      | HP: 7/100 [kobold brigand/bolt of acid (18)]
  5871 | D:6      | Slain by a kobold

Vanquished Creatures
  Grinder (D:3)
  2 black bears
  An ice beast (D:5)
  An ogre (D:6)
  A centaur (D:5)
  2 necrophages (D:5)
  3 scorpions
  2 hounds
  A gnoll shaman (D:5)
  An iguana (D:5)
  A jelly (D:6)
  Ijyb (D:4)
  3 orc wizards
  8 gnolls (D:5)
  3 adders
  A white imp (D:6)
  A worm (D:5)
  2 dart slugs
  16 orcs
  7 ball pythons
  A bat (D:3)
  7 endoplasms
  A giant cockroach (D:3)
  6 goblins
  6 hobgoblins
  5 jackals
  11 quokkas
  3 frilled lizards
  8 kobolds
  8 rats
114 creatures vanquished.

Vanquished Creatures (others)
  A plant (D:3)
1 creature vanquished.

Grand Total: 115 creatures vanquished

Table legend:
 A = Non-vault XP
 B = Vault XP
 C = Vault XP percentage of total XP
 D = Non-vault monster count
 E = Vault monster count
 F = Vault count percentage of total count
                 A         B        C        D         E       F
            +---------+---------+-------+---------+---------+-------
      Total |    1636 |     356 |  17.9 |     105 |       9 |   7.9
            +---------+---------+-------+---------+---------+-------
        D:1 |      51 |       0 |   0.0 |      31 |       0 |   0.0
        D:2 |       9 |       0 |   0.0 |       5 |       0 |   0.0
        D:3 |      39 |     320 |  89.1 |      14 |       8 |  36.4
        D:4 |     189 |      36 |  16.0 |      13 |       1 |   7.1
        D:5 |     972 |       0 |   0.0 |      23 |       0 |   0.0
        D:6 |     376 |       0 |   0.0 |      19 |       0 |   0.0
            +---------+---------+-------+---------+---------+-------

Illustrated notes

Table legend:
 A = Kills in this place as a percentage of kills in entire the game.
 B = Kills by you in this place as a percentage of kills by you in the entire game.
 C = Kills by friends in this place as a percentage of kills by friends in the entire game.
 D = Other kills in this place as a percentage of other kills in the entire game.
 E = Experience gained in this place as a percentage of experience gained in the entire game.
 F = Experience gained in this place divided by the number of levels of this place that you have seen.
                   A       B       C       D       E      F
               +-------+-------+-------+-------+-------+----------------------
         Total | 100.0 | 100.0 |   N/A |   N/A | 100.0 | 332.0
       Dungeon | 100.0 | 100.0 |   N/A |   N/A | 100.0 | 332.0
               +-------+-------+-------+-------+-------+----------------------

Table legend: (Time is in decaauts)
 A = Elapsed time spent in this place.
 B = Non-inter-level travel time spent in this place.
 C = Inter-level travel time spent in this place.
 D = Time resting spent in this place.
 E = Time spent auto-exploring this place.
 F = Levels seen in this place.
 G = Mean time per level.
                   A        B        C        D        E       F      G
               +--------+--------+--------+--------+--------+-----+--------+
         Total |   6252 |   6168 |     84 |    844 |   4247 |   6 | 1042.0 |
       Dungeon |   6252 |   6168 |     84 |    844 |   4247 |   6 | 1042.0 |
               +--------+--------+--------+--------+--------+-----+--------+

Top non-repeatable levels by time:
     D:1: 1278 daAuts
     D:5: 1278 daAuts
     D:3: 1108 daAuts
     D:4: 989 daAuts
     D:6: 803 daAuts
     D:2: 793 daAuts
